 Dungeon Crawl Stone Soup version 0.30-a0-618-gd6c86c23d0 (webtiles) character file.

Game seed: 10472349852221715535

269940 omnomnOMINOUS the Unseen (level 19, -4/134 (138) HPs)
             Began as an Octopode Wanderer on Jan 7, 2023.
             Was the Champion of Ru.
             Slain by a vault warden
             ... wielding a +0 battleaxe
              (40 damage)
             ... on level 14 of the Dungeon on Jan 9, 2023.
             The game lasted 03:23:34 (59920 turns).

omnomnOMINOUS the Unseen (Octopode Wanderer)       Turns: 59920, Time: 03:23:35

HP:   -4/134 (138)  AC:  8    Str: 14    XL:     19   Next: 19%
MP:   4/25          EV: 29    Int: 23    God:    Ru [******]
Gold: 1570          SH:  7    Dex: 26    Spells: 3/26 levels left

rFire   + + .      SeeInvis .    b - +8 rapier "Huitaunt" {drain, rF+ Int+3 Dex+6}
rCold   + + .      Faith    .    c - +1 hat
rNeg    . . .      Spirit   .    u - amulet of reflection
rPois   +          Reflect  +    H - ring "Lebi" {rF+ rCorr Dex+3 Stlth+}
rElec   .          Harm     .    D - +4 ring of slaying
rCorr   +          Rampage  .    I - ring of poison resistance
Will    +++..      Archmagi +    l - ring "Adwemp" {rC+ Will++ Str+6}
Stlth   +++++++++                V - ring of the Octopus King {rC+ HP+2 AC+2 EV+2 SH+2}
HPRegen 0.42/turn                G - ring of the Mage {Wiz Archmagi}
MPRegen 0.19/turn                T - +4 ring of protection

@: exhausted, very slightly contaminated, lightly drained
A: almost no armour, amphibious, 7 rings, camouflage 1, gelatinous body 1,
missing a hand, inability to use devices, inexperienced 1, (nimble swimmer 1),
tentacles
}: 2/15 runes: serpentine, barnacled
a: Renounce Religion, Draw Out Power, Power Leap, Apocalypse


You were on level 14 of the Dungeon.
You worshipped Ru.
Ru was exalted by your worship.
You visited 9 branches of the dungeon, and saw 34 of its levels.
You also visited: Sewer and Ossuary.

You collected 3676 gold pieces.
You spent 2106 gold pieces at shops.

Inventory:

Hand Weapons
 a - the +7 Spriggan's Knife {stab, EV+4 Stlth+}
   (You found it on level 8 of the Dungeon)

   It is more effective when stabbing unaware enemies, sometimes treating them
   as though they were completely helpless.
   EV:        It affects your evasion (+4).
   Stlth:     It makes you more stealthy.
 b - the +8 rapier "Huitaunt" (weapon) {drain, rF+ Int+3 Dex+6}
   (You found it on level 1 of the Lair of Beasts)

   Int:       It affects your intelligence (+3).
   Dex:       It affects your dexterity (+6).
   rF:        It protects you from fire.
Missiles
 i - 3 throwing nets
 v - 5 atropa-tipped darts
 y - 38 poisoned darts
 P - 8 curare-tipped darts
Armour
 c - a +1 hat (worn)
Magical Staves
 W - a staff of air
Jewellery
 l - the ring "Adwemp" (on tentacle) {rC+ Will++ Str+6}
   (You took it off an efreet on level 8 of the Dungeon)

   [ring of strength]

   Str:       It affects your strength (+6).
   rC:        It protects you from cold.
   Will:      It greatly increases your willpower.
 u - an amulet of reflection (around mantle)
 x - an amulet of guardian spirit
 C - the ring of the Heavens {Fly rC+ Will+ Str+6}
   (You found it on level 2 of the Shoals)

   [ring of flight]

   Str:       It affects your strength (+6).
   rC:        It protects you from cold.
   Fly:       It grants you flight.
   Will:      It increases your willpower.
 D - a +4 ring of slaying (right tentacle)
 F - an amulet of the acrobat
 G - the ring of the Mage (on tentacle) {Wiz Archmagi}
   (You bought it in a shop on level 2 of the Orcish Mines)

   [ring of wizardry]

   It improves your spell success rate.
   Archmagi:  It increases the power of your magical spells.
 H - the ring "Lebi" (left tentacle) {rF+ rCorr Dex+3 Stlth+}
   (You bought it in a shop on level 4 of the Snake Pit)

   [ring of resist corrosion]

   Dex:       It affects your dexterity (+3).
   rF:        It protects you from fire.
   rCorr:     It protects you from acid and corrosion.
   Stlth:     It makes you more stealthy.
 I - a ring of poison resistance (on tentacle)
 R - a ring of see invisible
 S - a ring of protection from fire
 T - a +4 ring of protection (on tentacle)
 U - an amulet of regeneration
 V - a ring of the Octopus King (on tentacle) {rC+ HP+2 AC+2 EV+2 SH+2}
   (You bought it in a shop on level 2 of the Orcish Mines)

   [ring of protection from cold]

   AC:        It affects your AC (+2).
   EV:        It affects your evasion (+2).
   rC:        It protects you from cold.
   HP:        It affects your health (+2).
   SH:        It affects your SH (+2).
Scrolls
 d - 5 scrolls of teleportation
 e - 4 scrolls of immolation
 f - 2 scrolls of poison
 g - 5 scrolls of fear
 m - a scroll of summoning
 n - 6 scrolls of blinking
 o - 2 scrolls of fog
 p - 2 scrolls of silence
 q - 4 scrolls of identify
 r - 7 scrolls of brand weapon
 s - a scroll of torment
 E - 6 scrolls of vulnerability
 M - 4 scrolls of magic mapping
 X - 2 scrolls of enchant weapon
 Z - a scroll of amnesia
Potions
 h - 6 potions of brilliance
 j - 6 potions of flight
 k - 11 potions of haste
 t - a potion of invisibility
 w - 7 potions of attraction
 z - 4 potions of magic
 A - 7 potions of heal wounds
 B - 2 potions of cancellation
 J - 4 potions of mutation
 K - 2 potions of berserk rage
 L - 6 potions of might
 N - 12 potions of lignification
 O - 12 potions of curing
 Q - a potion of resistance
 Y - 3 potions of ambrosia


   Skills:
 + Level 14.1 Fighting
 - Level 14.0 Short Blades
 + Level 14.2 Dodging
 + Level 16.0 Stealth
 + Level 4.1 Spellcasting
 + Level 14.0 Conjurations
 + Level 9.4 Transmutations
 + Level 13.7 Air Magic
 + Level 13.9 Earth Magic


You had 3 spell levels left.
You knew the following spells:

 Your Spells              Type           Power      Damage    Failure   Level
a - Apportation           Tloc           14%        N/A       4%          1
b - Passwall              Tmut/Erth      60%        N/A       1%          2
c - Stone Arrow           Conj/Erth      100%       3d13      1%          3
d - Mephitic Cloud        Conj/Pois/Air  63%        N/A       1%          3
e - Arcjolt               Conj/Air       40%        1d50      1%          5
f - Petrify               Tmut/Erth      73%        N/A       1%          4
g - Irradiate             Conj/Tmut      36%        3d23      1%          5

Your spell library contained the following spells:

 Spells                   Type           Power      Damage    Failure   Level
 Beastly Appendage        Tmut           100%       N/A       1%          1
 Cigotuvi's Dreadful Rot  Necr/Pois/Air  76%        N/A       1%          2
 Poisonous Vapours        Pois/Air       100%       N/A       1%          2
 Static Discharge         Conj/Air       100%       2-7/arc   1%          2
 Wereblood                Tmut           64%        N/A       1%          2
 Hailstorm                Conj/Ice       53%        3d12      1%          3
 Spider Form              Tmut/Pois      39%        N/A       1%          3
 Vhi's Electric Charge    Tloc/Air       100%       N/A       1%          3
 Freeze                   Ice            28%        1d5       4%          1
 Necrotise                Necr           28%        1d5       4%          1
 Summon Small Mammal      Summ           28%        N/A       4%          1
 Call Canine Familiar     Summ           7%         N/A       12%         3
 Frozen Ramparts          Ice            14%        1d3       12%         3
 Gell's Gravitas          Tloc           7%         N/A       12%         3
 Inner Flame              Hex/Fire       7%         N/A       12%         3
 Lesser Beckoning         Tloc           14%        N/A       12%         3
 Portal Projectile        Hex/Tloc       14%        N/A       12%         3
 Teleport Other           Tloc           7%         N/A       12%         3
 Tukima's Dance           Hex            7%         N/A       12%         3
 Vampiric Draining        Necr           7%         2d6       12%         3
 Airstrike                Air            40%        2d(6-22)  1%          4
 Lightning Bolt           Conj/Air       40%        1d59      1%          5
 Flame Wave               Conj/Fire      53%        2d13      2%          4
 Leda's Liquefaction      Hex/Erth       26%        N/A       2%          4
 Sticky Flame             Conj/Fire      53%        2d7       2%          4
 Summon Lightning Spire   Summ/Air       53%        N/A       2%          4
 Blade Hands              Tmut           32%        N/A       2%          5
 Statue Form              Tmut/Erth      48%        N/A       5%          6
 Silence                  Hex/Air        26%        N/A       7%          5
 Yara's Violent Unravell  Hex/Tmut       19%        3d9       16%         5
 Passage of Golubria      Tloc           7%         N/A       38%         4
 Dragon Form              Tmut           32%        N/A       56%         7
 Lehudib's Crystal Spear  Conj/Erth      40%        10d10     61%         8
 Agony                    Necr           7%         N/A       71%         5
 Metabolic Englaciation   Hex/Ice        3%         N/A       71%         5
 Enfeeble                 Hex            3%         N/A       100%        7
 Ozocubu's Refrigeration  Ice            3%         4d8       100%        7
 Animate Armour           Summ/Erth      Unusable   N/A       N/A         4

Dungeon Overview and Level Annotations

Branches:
Dungeon (15/15)            Temple (0/1) D:7            Lair (5/5) D:8
 Shoals (4/4) Lair:3        Snake (4/4) Lair:3        Slime (1/5) Lair:4
    Orc (2/2) D:12            Elf (1/3) Orc:2        Vaults (1/5) D:14
 Depths (1/4) D:15          Sewer (visited)         Ossuary (visited)

Altars:
Cheibriados
Fedhas
Kikubaaqudgha
Okawaru
Qazlal
Ru
Sif Muna
Trog
Vehumet
Xom
Yredelemnul
Zin
Jiyva

Shops:
D:5 *   D:10 (   Orc:2 **[=   Snake:1 [[   Snake:4 =:=

Portals:
Trove: D:11 (give 11 potions of heal wounds)

Annotations:
Lair:4 2 transporters, Depoub's ghost, journeyman OgIE
Shoals:2 exclusions: catoblepas, 4 death yaks, faun and manticore, Polyphemus


Innate Abilities, Weirdness & Mutations

You cannot wear most types of armour.
You are amphibious.
You can wear up to seven rings at the same time.
Your skin changes colour to match your surroundings (Stealth+).
Your rubbery body absorbs attacks. (AC +1, EV +1)
You are missing a hand.
You cannot study or use magical devices.
You are somewhat inexperienced. (-1 XL)
((You are camouflaged when in or above water. (Stealth+)))
You have tentacles for arms and can constrict up to seven enemies at once.


Message History

You kill the ironbound frostheart!
The vault warden is severely wounded.
The centaur warrior is severely wounded.
The centaur warrior is almost dead.
The vault sentinel is moderately wounded.
The green ugly thing is heavily wounded.
The ironbound frostheart touches you! The ironbound frostheart freezes you!
You resist.
The vault sentinel points at you and mumbles some strange words.
You resist with some effort.
The centaur warrior unwields a +3 shortbow of draining.
The centaur warrior barely misses you.
The centaur warrior completely misses you.
The centaur warrior misses you.
The centaur warrior completely misses you.
Unknown command.
Casting: Arcjolt (mildly dangerous; 1% risk of failure)
Confirm with . or Enter, or press ? or * to list all spells.
Okay, then.
Unknown command.
The vault warden hits you with a +0 battleaxe!!
* * * LOW HITPOINT WARNING * * *
The ironbound frostheart is stunned by your conviction and fails to attack.
You block the centaur warrior's attack. x2
The centaur warrior completely misses you.
The centaur warrior misses you.
You go up through the gate.
Welcome back to the Dungeon!
There is a gate to the Vaults here.
Unknown command.
Casting: Arcjolt (mildly dangerous; 1% risk of failure)
Confirm with . or Enter, or press ? or * to list all spells.
You feel a surge of power!
You miscast Irradiate.
You are very lightly contaminated with residual magic.
Nothing appears to happen.
The centaur warrior completely misses you.
The centaur warrior barely misses you. The centaur warrior misses you.
You block the centaur warrior's attack.
The ironbound frostheart touches you but does no damage.
The vault warden hits you with a +0 battleaxe!!!
You die...

≈#...# #.......### #≈...#
####.........###
.#≈..####.....#.####...##
..#≈.........##..# ###..#
...#≈####.######.# ##.#
#.[.#≈###.# #.# #.#
≈#.#≈###..# ##.## #.#
#.#≈.....######...#####.#
...#≈####...[[[p@c......#
#...#≈....#####p[c#######
≈#...#≈...# ##.##
#≈#..≈....# #.#
##≈#≈.....#### #.#
##≈)........###.#
#..............#
#..........#####
#...#......#


You could see a vault warden, an ironbound frostheart and 2 centaur warriors.

Vanquished Creatures
  Mara (Snake:4)
  Jorgrun (D:12)
  Rupert (D:15)
  Frances (Snake:1)
  2 krakens
  A sphinx (Shoals:4)
  Kirke (D:14)
  5 nagarajas
  The ghost of SolCadguy the Fencer, a journeyman DrRe of Okawaru (Snake:1)
  Louise (Snake:1)
  A vault warden (Vaults:1)
  An ironbound preserver (Vaults:1)
  5 ironbound thunderhulks (Vaults:1)
  Azrael (Orc:2)
  2 minotaurs (Shoals:4)
  4 dire elephants (Vaults:1)
  Snorg (Lair:4)
  5 merfolk javelineers
  A crystal guardian (Vaults:1)
  Josephine (Shoals:1)
  2 fire dragons (D:15)
  3 merfolk impalers
  A great orb of eyes (Vaults:1)
  A yaktaur captain (Vaults:1)
  A peacekeeper (Vaults:1)
  9 hydras
  Fannar (D:10)
  3 salamander tyrants (Snake:4)
  4 merfolk avatars
  5 ironbound frosthearts (Vaults:1)
  8 vault guards (D:14)
  The ghost of SirDiesAlot the Tainter, a journeyman DsFE of Sif Muna (D:12)
  3 centaur warriors
  3 alligator snapping turtles
  7 two-headed ogres
  A catoblepas (Lair:5)
  12 anacondas
  3 death yaks
  3 merfolk aquamancers
  Erica (D:11)
  3 boulder beetles
  A tengu warrior (D:15)
  12 satyrs
  17 naga warriors
  3 orc high priests (Orc:2)
  A vampire mage (D:14)
  26 naga sharpshooters
  8 shock serpents
  Sonja (D:13)
  Lodul (D:13)
  5 skeletal warriors (D:12)
  Nergalle (D:12)
  6 salamander mystics
  22 sea snakes
  5 deep trolls (Vaults:1)
  Pikel (D:7)
  8 naga ritualists
  5 ironbound convokers (Vaults:1)
  4 deep elf pyromancers
  6 orc knights
  11 harpies
  An oklob plant (Lair:3)
  20 mana vipers
  27 manticores
  22 salamanders
  22 ugly things
  8 cyclopes
  18 fauns
  5 orc sorcerers
  38 black mambas
  8 elephants
  Maurice (D:13)
  5 water nymphs
  7 merfolk sirens
  24 naga magi
  A vault sentinel (D:14)
  3 guardian serpents
  A torpor snail (Lair:4)
  5 cane toads
  Psyche (D:8)
  8 komodo dragons
  2 unseen horrors
  3 efreet
  4 yaktaurs (Vaults:1)
  3 rime drakes
  12 wind drakes
  6 trolls
  16 polar bears
  31 merfolk
  A queen bee (D:8)
  2 hornets
  A wolf spider simulacrum (D:15)
  Grinder (D:4)
  8 blink frogs
  9 dream sheep
  12 snapping turtles
  4 raiju
  A spriggan (Lair:3)
  19 slime creatures
  6 water elementals
  7 wraiths
  41 yaks
  3 shadows
  A vampire (D:8)
  7 hogs
  4 wyverns
  3 basilisks
  3 fire elementals (Orc:2)
  A human (D:8)
  Grum (D:8)
  7 vampire mosquitoes
  Edmund (D:4)
  5 wargs
  46 nagas
  2 acid dragons
  18 water moccasins
  15 hell hounds
  18 black bears
  2 ice beasts (D:7)
  17 orc warriors
  An ogre (shapeshifter) (D:13)
  2 sky beasts (D:6)
  16 ogres
  9 centaurs
  52 wolves
  A phantom (D:5)
  3 kobold brigands
  5 scorpions
  4 gnoll sergeants
  17 bullfrogs
  2 necrophages
  6 wights
  A hornet simulacrum (D:15)
  29 killer bees
  An electric eel (Lair:1)
  3 howler monkeys (D:8)
  A centaur zombie (Ossuary)
  A hound (D:6)
  7 jellies
  12 orc priests
  A gnoll bouda (D:7)
  A human zombie (Ossuary)
  18 orc wizards
  An iguana (D:4)
  7 hell rats (Lair:3)
  4 mummies (Ossuary)
  28 gnolls
  7 adders
  5 river rats (D:6)
  A shadow imp (D:6)
  A white imp (D:7)
  An ufetubus (D:5)
  2 worms
  3 dart slugs
  72 orcs
  8 endoplasms
  4 giant cockroaches
  2 gnoll zombies (Ossuary)
  9 hobgoblins
  10 jackals
  12 kobolds
  9 quokkas
  5 ball pythons
  11 bats
  3 frilled lizards
  12 goblins
  2 goblin zombies (Ossuary)
  A kobold zombie (Ossuary)
  An orc zombie (Ossuary)
  21 rats
  A butterfly (Lair:5)
  3 tentacles (Shoals:3)
1263 creatures vanquished.

Vanquished Creatures (others)
  A catoblepas (D:13)
  A manticore (Shoals:4)
  An elephant (Lair:5)
  3 black mambas
  A naga mage (Snake:4)
  2 merfolk
  A blink frog (Lair:1)
  A fire elemental (Orc:2)
  A wolf (Lair:5)
  A centaur (D:13)
  A wight (D:9)
  A river rat (D:6)
  69 fungi
  169 plants
  11 tentacles
264 creatures vanquished.

Grand Total: 1527 creatures vanquished

Notes
Turn   | Place    | Note
-------+----------+-------------------------------------------
     0 | D:1      | omnomnOMINOUS the Octopode Wanderer began the quest for the
                  | Orb.
     0 | D:1      | omnomnOMINOUS set off with the following items: a +2
                  | dagger, a potion of brilliance, a +0 hat, a potion of
                  | curing; and the following spells available to memorise:
                  | Wereblood, Passwall.
     0 | D:1      | Reached XP level 1. HP: 13/13 MP: 2/2
    77 | D:1      | Reached XP level 2. HP: 18/18 MP: 3/3
   212 | D:1      | Reached XP level 3. HP: 20/23 MP: 5/5
   234 | D:1      | You fall into a shaft and drop 1 floor!
   322 | D:1      | Reached skill level 1 in Short Blades
   435 | D:1      | Found a faded altar of an unknown god.
   668 | D:2      | Reached skill level 7 in Stealth
   883 | D:2      | Reached XP level 4. HP: 23/29 MP: 6/6
  1033 | D:2      | Learned a level 2 spell: Passwall
  1037 | D:2      | Learned a level 3 spell: Stone Arrow
  1763 | D:4      | Found an ancient bone altar of Kikubaaqudgha.
  1763 | D:4      | Found a blossoming altar of Fedhas.
  1784 | D:4      | Found an iron altar of Okawaru.
  1808 | D:4      | Noticed a black bear
  1816 | D:4      | Learned a level 1 spell: Apportation
  2073 | D:4      | Noticed Edmund
  2091 | D:4      | Noticed Grinder
  2108 | D:4      | Reached XP level 5. HP: 34/34 MP: 7/7
  2205 | D:5      | Entered Level 5 of the Dungeon
  2230 | D:5      | Noticed a phantom
  2255 | D:5      | Reached skill level 1 in Conjurations
  2255 | D:5      | Reached skill level 1 in Earth Magic
  2362 | D:5      | Noticed an ogre
  2364 | D:5      | Killed an ogre
  2365 | D:5      | Reached XP level 6. HP: 41/41 MP: 9/9
  2477 | D:5      | Found Zefreapn's Assorted Antiques.
  2481 | D:5      | Noticed a water moccasin
  2487 | D:5      | Killed a water moccasin
  2549 | D:5      | Bought a silver ring for 125 gold pieces
  2943 | D:5      | Found a sacrificial altar of Ru.
  2959 | D:5      | Became a worshipper of Ru the Awakened
  3008 | D:5      | Reached XP level 7. HP: 26/44 MP: 5/10
  3043 | D:6      | Reached skill level 8 in Stealth
  3252 | D:6      | Found a glowing drain.
  3260 | Sewer    | Entered a sewer
  3301 | Sewer    | Learned a level 3 spell: Mephitic Cloud
  3315 | Sewer    | Reached XP level 8. HP: 42/52 MP: 2/12
  3911 | D:6      | Found a stormy altar of Qazlal.
  3996 | D:6      | Reached skill level 1 in Air Magic
  4273 | D:6      | Gained mutation: You are missing a hand. [Ru sacrifice]
  4273 | D:6      | Reached * piety under Ru
  4273 | D:6      | Reached ** piety under Ru
  5178 | D:7      | Found a bloodstained altar of Trog.
  5300 | D:7      | Reached XP level 9. HP: 58/58 MP: 14/14
  5317 | D:7      | Reached skill level 9 in Stealth
  5450 | D:7      | Found a sand-covered staircase.
  5458 | Ossuary  | Entered an ossuary
  6019 | D:7      | Found a staircase to the Ecumenical Temple.
  6189 | D:7      | Upgraded the game from 0.30-a0-605-gb2882149bf to
                  | 0.30-a0-613-gdd512c7efb
  6231 | D:7      | Noticed Pikel
  6244 | D:7      | Killed Pikel
  6245 | D:7      | Reached skill level 5 in Dodging
  6592 | D:7      | Found a large runed translucent door.
  6592 | D:7      | Found a large runed translucent door.
  6595 | D:7      | Found a shimmering altar of Xom.
  6903 | D:8      | Found the +7 Spriggan's Knife {stab, EV+4 Stlth+}
  6911 | D:8      | Noticed an efreet
  6951 | D:8      | Learned a level 5 spell: Arcjolt
  6971 | D:8      | Noticed Grum
  6981 | D:8      | Reached skill level 5 in Fighting
  7056 | D:8      | Killed Grum
  7057 | D:8      | Reached XP level 10. HP: 58/66 MP: 1/16
  7063 | D:8      | Reached skill level 5 in Short Blades
  7063 | D:8      | Reached skill level 10 in Stealth
  7253 | D:8      | Identified the ring "Adwemp" {rC+ Will++ Str+6}
  7269 | D:8      | Reached skill level 5 in Conjurations
  7283 | D:8      | Noticed a boulder beetle
  7283 | D:8      | Noticed a cyclops
  7284 | D:8      | Killed a boulder beetle
  7285 | D:8      | Reached skill level 5 in Earth Magic
  7285 | D:8      | Killed a cyclops
  7476 | D:8      | Found a basalt altar of Yredelemnul.
  7659 | D:8      | Found a staircase to the Lair.
  7680 | D:8      | Gained mutation: You cannot study or use magical devices.
                  | [Ru sacrifice]
  7680 | D:8      | Reached *** piety under Ru
  7680 | D:8      | Reached **** piety under Ru
  7680 | D:8      | Reached ***** piety under Ru
  7764 | D:8      | Noticed Psyche
  7768 | D:8      | Killed Psyche
  8338 | D:8      | Reached skill level 11 in Stealth
  8393 | D:8      | Reached XP level 11. HP: 72/72 MP: 6/17
  8503 | D:8      | Reached skill level 5 in Air Magic
 10353 | D:9      | Found a shimmering altar of Xom.
 10575 | D:9      | Found a radiant altar of Vehumet.
 11798 | D:10     | Entered Level 10 of the Dungeon
 11814 | D:10     | Noticed a two-headed ogre
 11817 | D:10     | Killed a two-headed ogre
 11991 | D:10     | Found a runed translucent door.
 11996 | D:10     | Gained mutation: You are somewhat inexperienced. (-1 XL)
                  | [Ru sacrifice]
 11996 | D:10     | Reached XP level 10. HP: 69/69 MP: 16/16
 11996 | D:10     | Reached ****** piety under Ru
 12082 | D:10     | Noticed a white ugly thing
 12083 | D:10     | Noticed a two-headed ogre
 12219 | D:10     | Reached skill level 12 in Stealth
 12379 | D:10     | Noticed Fannar
 12381 | D:10     | Killed Fannar
 12406 | D:10     | Reached XP level 11. HP: 75/75 MP: 8/17
 12531 | D:10     | Found Pag Bam's Weapon Shop.
 12626 | D:11     | Noticed Erica
 12633 | D:11     | Killed Erica
 12658 | D:11     | Noticed a two-headed ogre
 12668 | D:11     | Killed a two-headed ogre
 12789 | D:11     | Found a glowing silver altar of Zin.
 13365 | D:11     | Found a snail-covered altar of Cheibriados.
 13483 | D:11     | Found a portal to a secret trove of treasure.
 14125 | D:12     | Noticed a two-headed ogre
 14283 | D:12     | Found a staircase to the Orcish Mines.
 14413 | D:12     | Noticed a boulder beetle
 14502 | D:12     | Found a large runed translucent door.
 14502 | D:12     | Found a large runed translucent door.
 14557 | D:12     | Noticed Jorgrun
 14625 | D:12     | Reached skill level 13 in Stealth
 14674 | D:12     | Learned a level 4 spell: Petrify
 14816 | Lair:1   | Entered Level 1 of the Lair of Beasts
 15004 | Lair:1   | Identified the +8 rapier "Huitaunt" {drain, rF+ Int+3
                  | Dex+6}
 15614 | Lair:1   | Reached XP level 12. HP: 82/82 MP: 18/18
 16946 | Lair:3   | Found a staircase to the Shoals.
 17020 | Lair:3   | Found a staircase to the Snake Pit.
 18638 | Lair:4   | You fall into a shaft and drop 1 floor!
 18638 | Lair:5   | Entered Level 5 of the Lair of Beasts
 18874 | Lair:4   | Found a transporter.
 18877 | Lair:4   | Reached skill level 14 in Stealth
 18911 | Lair:4   | Noticed Depoub's ghost (journeyman OgIE)
 18913 | Lair:4   | Found a transporter.
 18994 | Lair:4   | Found a staircase to the Slime Pits.
 18997 | Lair:4   | Found a viscous altar of Jiyva.
 19605 | Lair:4   | Reached XP level 13. HP: 90/90 MP: 13/19
 21504 | Lair:5   | Noticed Snorg
 22118 | Lair:4   | Killed Snorg
 22276 | Lair:4   | Found a transporter.
 22284 | Lair:4   | Found a transporter.
 22348 | Lair:4   | Found a staircase to the Slime Pits.
 22440 | Lair:4   | Found a viscous altar of Jiyva.
 23821 | Lair:5   | Reached skill level 15 in Stealth
 23954 | Lair:5   | Reached skill level 10 in Dodging
 24442 | Lair:5   | Reached skill level 10 in Fighting
 24778 | Lair:5   | Identified the +4 great sword of the Fortifying Saviour
                  | {protect, rF+ Dex+4}
 25431 | Orc:1    | Entered Level 1 of the Orcish Mines
 25763 | Orc:2    | Entered Level 2 of the Orcish Mines
 25995 | Orc:1    | Reached skill level 10 in Short Blades
 26098 | Orc:2    | Found a staircase to the Elven Halls.
 26155 | Orc:2    | Noticed Azrael
 26185 | Orc:2    | Killed Azrael
 26186 | Orc:2    | Reached XP level 14. HP: 44/96 MP: 6/20
 26410 | Orc:2    | Reached skill level 10 in Conjurations
 26412 | Orc:2    | Found Uwkum's Jewellery Shop.
 26560 | Orc:2    | Found Goivovia's Antique Armour Emporium.
 26706 | Orc:2    | Reached skill level 10 in Earth Magic
 26965 | Orc:2    | Found Arounn's Assorted Antiques.
 26966 | Orc:2    | Found Ytwipn's Assorted Antiques.
 26997 | Orc:2    | Bought the ring of the Mage {Wiz Archmagi} for 867 gold
                  | pieces
 26997 | Orc:2    | Found the ring of the Mage {Wiz Archmagi}
 27009 | Orc:2    | Bought a ring of the Octopus King for 105 gold pieces
 27009 | Orc:2    | Found the ring of the Octopus King {rC+ HP+2 AC+2 EV+2
                  | SH+2}
 27009 | Orc:2    | Found the ring of the Octopus King {rC+ HP+2 AC+2 EV+2
                  | SH+2}
 27334 | Elf:1    | Entered Level 1 of the Elven Halls
 27748 | D:4      | Killed Grinder
 27769 | D:4      | Killed Edmund
 28302 | D:12     | Noticed Nergalle
 28312 | D:12     | Killed Nergalle
 28612 | D:12     | Noticed SirDiesAlot's ghost (journeyman DsFE)
 29068 | D:12     | Killed Jorgrun
 29159 | D:12     | Killed SirDiesAlot's ghost
 29463 | Slime:1  | Entered Level 1 of the Pits of Slime
 29470 | Slime:1  | Noticed a rockslime
 29504 | Shoals:1 | Entered Level 1 of the Shoals
 29923 | Shoals:1 | Reached skill level 10 in Air Magic
 30129 | Shoals:1 | Reached skill level 16 in Stealth
 30948 | Shoals:1 | Identified the +8 glaive "Myczengao" {vamp, rF+ rC+ Str-3
                  | Dex+6}
 31411 | Shoals:1 | Noticed Josephine
 31584 | Shoals:1 | Killed Josephine
 31887 | Shoals:2 | Reached XP level 15. HP: 105/105 MP: 21/21
 32363 | Shoals:2 | You fall into a shaft and drop 1 floor!
 32748 | Shoals:2 | Identified the ring of the Heavens {Fly rC+ Will+ Str+6}
 32886 | Shoals:2 | Noticed Polyphemus
 33567 | Snake:1  | Entered Level 1 of the Snake Pit
 33988 | Snake:1  | Found a runed translucent gate.
 33988 | Snake:1  | Found a runed translucent gate.
 33988 | Snake:1  | Found a runed translucent gate.
 33988 | Snake:1  | Noticed SolCadguy's ghost (journeyman DrRe)
 34004 | Snake:1  | Killed SolCadguy's ghost
 34008 | Snake:1  | Got the Papyrus of Frigorific Spectres
 34041 | Snake:1  | Found Kotaoky's Antique Armour Shop.
 34168 | Snake:1  | Reached skill level 5 in Transmutations
 36721 | Shoals:3 | Noticed a kraken
 37123 | Shoals:3 | Killed a kraken
 37736 | Shoals:4 | Entered Level 4 of the Shoals
 39545 | Shoals:4 | Reached XP level 16. HP: 111/114 MP: 17/22
 39607 | Shoals:4 | Noticed a kraken
 40198 | Shoals:4 | Identified the +4 ring mail "Daosk" {rElec Int+2 Dex+4}
 40798 | Shoals:4 | Noticed a sphinx
 41218 | Shoals:4 | Killed a sphinx
 41888 | Shoals:4 | Got a barnacled rune of Zot
 42035 | Shoals:4 | Killed a kraken
 42573 | Snake:1  | Noticed Frances
 42700 | Snake:1  | Killed Frances
 42726 | Snake:1  | Noticed Louise
 42781 | Snake:1  | Killed Louise
 43082 | Snake:1  | Found Quurhazuca's Armour Boutique.
 43674 | Snake:2  | Upgraded the game from 0.30-a0-613-gdd512c7efb to
                  | 0.30-a0-618-gd6c86c23d0
 43680 | Snake:2  | Learned a level 5 spell: Irradiate
 47065 | Snake:3  | Reached XP level 17. HP: 96/121 MP: 23/23
 51567 | Snake:4  | Entered Level 4 of the Snake Pit
 52566 | Snake:4  | Found Isap's Jewellery Shop.
 52568 | Snake:4  | Found Cuteos's Book Shoppe.
 52570 | Snake:4  | Found Xoryt's Jewellery Shop.
 52582 | Snake:4  | Bought the ring "Lebi" {rF+ rCorr Dex+3 Stlth+} for 689
                  | gold pieces
 52582 | Snake:4  | Bought a ring of poison resistance for 320 gold pieces
 53656 | Snake:4  | Reached XP level 18. HP: 117/128 MP: 24/24
 54635 | Snake:4  | Got a serpentine rune of Zot
 54640 | Snake:4  | Noticed Mara
 54646 | Snake:4  | Killed Mara
 55271 | D:13     | Noticed Maurice
 55279 | D:13     | Killed Maurice
 55331 | D:13     | Noticed Lodul
 55349 | D:13     | Killed Lodul
 55477 | D:13     | Noticed Sonja
 55485 | D:13     | Killed Sonja
 56457 | D:14     | Noticed Kirke
 56468 | D:14     | Killed Kirke
 56555 | D:14     | Found a gate to the Vaults.
 56866 | D:15     | Entered Level 15 of the Dungeon
 57583 | D:15     | Found a staircase to the Depths.
 57870 | D:15     | Noticed Rupert
 57879 | D:15     | Identified the +3 long sword "Renyapag" {freeze, rPois rF-
                  | rCorr Stlth+}
 58150 | D:15     | Killed Rupert
 58195 | D:15     | Found a shimmering blue altar of Sif Muna.
 58276 | Depths:1 | Entered Level 1 of the Depths
 58364 | Vaults:1 | Entered Level 1 of the Vaults
 58732 | Vaults:1 | Reached XP level 19. HP: 78/135 MP: 14/25
 59920 | D:14     | Slain by a vault warden

Illustrated notes

Levels and vault maps discovered:
D:1:      dpeg_arrival_shrine, layout_basic,
          hellmonk_ecumenical_altar_heavens_door
D:2:      minmay_chambers_of_ones, layout_rooms, minmay_split_cup_large
D:3:      layout_basic, hangedman_decor_diamond_cutter
D:4:      layout_rooms, grunt_temple_overflow_growth_and_decay,
          okawaru_gym_becter, uniq_grinder, uniq_edmund
D:5:      layout_basic, nicolae_ru_great_annihilating_truth, serial_shops,
          nicolae_shop_statue_plus
D:6:      layout_cave_pools, mainiacjoe_overflow_tiny_flanked,
          portal_sewer_entry_f, grunt_decor_mini_mirrors, dk_rats_in_the_wall
D:7:      due_chaos_kobolds, layout_basic, kennysheep_mini,
          minmay_temple_entry_nine_rooms, enter_ossuary_1, uniq_pikel
D:8:      minmay_cut_squares, layout_basic, kennysheep_mini_moat,
          due_lair_maze_entry_diamond, grunt_livestock,
          nicolae_looking_at_the_future, uniq_psyche, uniq_grum
D:9:      layout_loops_corners, old_standard_altar, mainiacjoe_overflow_paths
D:10:     layout_roguey, serial_shops, nicolae_shop_bloodbath_and_beyond,
          minmay_st_funbox, grunt_decor_one_mirror, uniq_fannar
D:11:     layout_irregular_city, nicolae_trove_entry_crystal,
          hangedman_feature_mirror, uniq_erica
D:12:     layout_cave_pods, hiddenorc2_lemuel, ebering_ghost_disaster_area,
          uniq_jorgrun, uniq_nergalle
D:13:     layout_stronghold, david_defended_altar_orc, uniq_maurice, uniq_lodul,
          uniq_sonja
D:14:     layout_rooms, erik_vaults_2, nicolae_water_bricks, nzn_life_drinkers,
          uniq_kirke
D:15:     grunt_enter_depths_hoard, layout_basic, lemuel_blue_sif_altar,
          chequers_big_river, uniq_rupert
Lair:1:   layout_chaotic_city, serial_bayou_pond_a, serial_bayou_shore_a,
          lemuel_fruit_tree
Lair:2:   layout_regular_city, infiniplex_staircase_pool_2, grunt_megastairs_2
Lair:3:   layout_regular_city, minmay_shoals_entry_beasts, dummy_snake_entry,
          grunt_forest_large_clearings
Lair:4:   layout_hall_layers, nicolae_slime_entry_field_trip,
          gammafunk_ghost_arena, beast_lair_carwin_6, grunt_megastairs_1
Lair:5:   hangedman_lair_caniforms_friends, layout_regular_city,
          chequers_serial_rivers_small_b, grunt_megastairs_3,
          lemuel_fruit_fields, uniq_snorg
Shoals:1: cheibrodos_shoals_epimethial_gifts, layout_shoals, uniq_josephine
Shoals:2: layout_shoals, nicolae_shoals_lost_giant_hut,
          nicolae_shoals_square_sea_wall, uniq_polyphemus
Shoals:3: layout_shoals, nicolae_shoals_siren_and_animal_friends
Shoals:4: shoals_end_hellmonk_lost_city
Snake:1:  layout_layer_cave, ebering_ghost_rock_garden, minmay_shoptagon,
          uniq_frances, uniq_louise
Snake:2:  layout_onion_interference, nrook_loot_triangle
Snake:3:  layout_layer_cave, special_room, nicolae_snake_mages_go_home
Snake:4:  snake_pit, layout_cave_town, grunt_megastairs_5, minmay_shop_grove,
          uniq_mara
Slime:1:  layout_caves
Orc:1:    layout_diamond_mine
Orc:2:    st_orc_elflike, layout_caves, uniq_azrael
Elf:1:    elf_arrival_001, layout_loops_corners, serial_shops,
          nicolae_shop_hallway_plus, nicolae_shop_advertising_works
          [nicolae_subvault_shop_adworks], shop_fountains,
          nicolae_shop_hallway_plus, minmay_elf_annihilation,
          minmay_checkered_concentric_circles, uniq_roxanne
Vaults:1: v_misc_28, grunt_vaults_focal, v_rooms_5, v_misc_28,
          vaults_mumra_bighexcomb, nicolae_vaults_network_quincunx
          [nicolae_vaults_network_quincunx_subvault,
          nicolae_vaults_network_quincunx_subvault,
          nicolae_vaults_network_quincunx_subvault,
          nicolae_vaults_network_quincunx_subvault,
          nicolae_vaults_network_quincunx_subvault], grunt_vaults_hallway_short,
          v_misc_27, vaults_dpeg_cross, vaults_room_stairs_pillars,
          v_alt_pattern_5, vaults_mumra_chevron, vaults_room_pools,
          layout_vaults_maze_bifur
Depths:1: layout_cave_pools, enter_ziggurat_b, chequers_jeans, hell_entry,
          grunt_decor_junction, kennysheep_underground_church

Skill      XL: |  1  2  3  4  5  6  7  8  9 10 11 12 13 14 15 16 17 18 19 |
---------------+----------------------------------------------------------+-----
Short Blades   | 1 2 3 4 7 8 9 10 11 12 13 14 | 14.0
Stealth        | 7 8 9 12 13 14 15 16 | 16.0
Fighting       | 2 3 4 5 7 8 9 10 11 12 13 14 | 14.1
Spellcasting   | 2 3 4 |  4.1
Conjurations   | 1 2 3 4 5 8 9 10 11 12 13 14 | 14.0
Earth Magic    | 1 2 3 4 5 7 8 9 10 11 12 13 | 13.9
Dodging        | 3 4 5 6 8 9 10 11 12 13 14 | 14.2
Air Magic      | 2 3 6 7 8 9 10 11 12 13 | 13.7
Transmutations | 4 6 7 9 |  9.4

Action                   |  1- 3 |  4- 6 |  7- 9 | 10-12 | 13-15 | 16-18 | 19-21 || total
-------------------------+-------+-------+-------+-------+-------+-------+-------++-------
Melee: Dagger            |    66 |    83 |   146 |       |       |       |       ||   295
       Constrict         |    14 |    14 |    28 |   106 |   131 |   102 |     7 ||   402
       Tentacles         |     6 |    21 |    42 |   165 |   244 |   362 |    25 ||   865
       Punch             |     2 |     1 |     4 |     9 |    17 |    23 |       ||    56
       Short sword       |       |       |     9 |       |       |       |       ||     9
       Knife             |       |       |     6 |   424 |   238 |   178 |    29 ||   875
       Rapier            |       |       |       |   173 |   584 |   928 |    48 ||  1733
Throw: Throwing net      |       |       |     2 |     2 |       |       |       ||     4
       Dart              |       |       |       |     3 |       |       |       ||     3
 Cast: Apportation       |       |     5 |     4 |     3 |       |       |       ||    12
       Passwall          |       |     1 |       |     2 |       |       |       ||     3
       Stone Arrow       |       |       |    29 |   130 |    67 |    75 |       ||   301
       Mephitic Cloud    |       |       |       |    10 |    10 |     3 |       ||    23
       Arcjolt           |       |       |       |     1 |     8 |    34 |     1 ||    44
       Petrify           |       |       |       |       |    62 |    24 |     6 ||    92
       Irradiate         |       |       |       |       |       |     4 |       ||     4
Invok: Sacrifice a Hand  |       |       |     1 |       |       |       |       ||     1
       Sacrifice Artific |       |       |       |     1 |       |       |       ||     1
       Sacrifice Experie |       |       |       |     1 |       |       |       ||     1
       Draw Out Power    |       |       |       |     2 |     5 |     4 |       ||    11
       Apocalypse        |       |       |       |       |     2 |       |       ||     2
       Power Leap        |       |       |       |       |     1 |     1 |     2 ||     4
Evoke: Wand              |       |     1 |    27 |     2 |       |       |       ||    30
  Use: Scroll            |       |       |    11 |    12 |     8 |     5 |     1 ||    37
       Potion            |       |       |     7 |     2 |     3 |       |       ||    12
 Stab: Sleeping          |    26 |    20 |    14 |    40 |    60 |    37 |     4 ||   201
       Distracted        |       |     1 |     1 |    19 |    25 |    57 |     4 ||   107
       Invisible         |       |       |     2 |     6 |    11 |     6 |     1 ||    26
       Confused          |       |       |       |    12 |    10 |     2 |       ||    24
       Held in net/web   |       |       |       |     1 |       |       |       ||     1
       Paralysed         |       |       |       |     1 |     8 |     7 |       ||    16
       Petrified         |       |       |       |       |    25 |     9 |     3 ||    37
       Petrifying        |       |       |       |       |     8 |     7 |     4 ||    19
Armor: Skin              |     3 |     4 |     7 |    25 |    65 |    45 |     8 ||   157
Dodge: Dodged            |    32 |    32 |   113 |   441 |   699 |   641 |    49 ||  2007
Block: Other             |       |       |     1 |       |   106 |   218 |    10 ||   335
       Reflection        |       |       |       |       |    16 |    34 |       ||    50

Table legend: (Time is in decaauts)
 A = Elapsed time spent in this place.
 B = Non-inter-level travel time spent in this place.
 C = Inter-level travel time spent in this place.
 D = Time resting spent in this place.
 E = Time spent auto-exploring this place.
 F = Levels seen in this place.
 G = Mean time per level.
                   A        B        C        D        E       F      G
               +--------+--------+--------+--------+--------+-----+--------+
         Total |  58679 |  55318 |   3361 |  24417 |  19714 |  36 | 1630.0 |
       Dungeon |  20059 |  18757 |   1302 |   5734 |   9083 |  15 | 1337.3 |
          Lair |  11212 |  10495 |    717 |   4696 |   3659 |   5 | 2242.4 |
        Shoals |  11538 |  11026 |    512 |   6602 |   2681 |   4 | 2884.5 |
     Snake Pit |  12522 |  11793 |    729 |   6160 |   3140 |   4 | 3130.5 |
    Slime Pits |      8 |      8 |      0 |      0 |      0 |   1 |    8.0 |
  Orcish Mines |   1871 |   1772 |     99 |    595 |    736 |   2 |  935.5 |
   Elven Halls |      1 |      1 |      0 |      0 |      0 |   1 |    1.0 |
        Vaults |    956 |    956 |      0 |    444 |    228 |   1 |  956.0 |
        Depths |      1 |      1 |      0 |      0 |      0 |   1 |    1.0 |
         Sewer |    164 |    164 |      0 |     70 |     45 |   1 |  164.0 |
       Ossuary |    342 |    342 |      0 |    113 |    142 |   1 |  342.0 |
               +--------+--------+--------+--------+--------+-----+--------+

Top non-repeatable levels by time:
 Snake:3: 5134 daAuts
Shoals:3: 4142 daAuts
  Lair:3: 3339 daAuts
  Lair:5: 3224 daAuts
 Snake:2: 3023 daAuts
     D:8: 2882 daAuts
Shoals:2: 2752 daAuts
Shoals:1: 2603 daAuts
  Lair:4: 2414 daAuts
 Snake:4: 2332 daAuts
     D:7: 2106 daAuts
Shoals:4: 2040 daAuts
 Snake:1: 2031 daAuts
    D:12: 1819 daAuts
    D:11: 1734 daAuts
